Map: Pillars of Gold LE

Players

Zaechus - Winner!

  • Race: Protoss Protoss
  • League: Diamond
  • Spawn Location: 7:00

Vreaks

  • Race: Zerg Zerg
  • League: Diamond
  • Spawn Location: 1:00

VOD

Have the link to the VOD?

Description

Time

  • Played on: July 31, 2020, 2:58 p.m.
  • Length: 11:03
Show
View Real Time Build Order
Export as new Build Order

Zaechus Protoss - Winner!

Build Orders: Oracle Opening, Archon Immortal 

Get SALT Encoding   

  12  0:00  Probe  
  13  0:12  Probe  
  14  0:20  Pylon  
  14  0:24  Probe  
  15  0:38  Gateway  
  15  0:40  Probe (Chrono Boost)  
  16  0:45  Assimilator  
  17  0:50  Probe (Chrono Boost)  
  17  0:56  Probe  
  18  1:08  Probe  
  19  1:20  Probe  
  19  1:23  Zealot (Chrono Boost)  
  22  1:27  Cybernetics Core  
  22  1:33  Pylon  
  22  1:37  Probe  
  23  1:44  Gateway  
  23  1:51  Zealot (Chrono Boost)  
  24  2:15  Adept (Chrono Boost)  
  24  2:18  Nexus  
  26  2:30  Warp Gate  
  26  2:39  Probe  
  26  2:41  Assimilator  
  27  2:51  Probe  
  27  2:56  Stargate  
  28  3:03  Probe  
  29  3:15  Probe  
  30  3:28  Probe (Chrono Boost)  
  30  3:29  Stalker  
  30  3:30  Probe (Chrono Boost)  
  34  3:37  Pylon  
  34  3:39  Probe (Chrono Boost)  
  34  3:40  Oracle, Probe (Chrono Boost)  
  39  3:44  Probe (Chrono Boost)  
  39  3:45  Probe (Chrono Boost)  
  41  3:54  Probe  
  42  3:56  Probe  
  43  4:06  Probe  
  43  4:08  Probe  
  45  4:17  Assimilator  
  45  4:18  Probe  
  45  4:20  Probe  
  45  4:21  Assimilator  
  47  4:29  Pylon  
  47  4:31  Probe (Chrono Boost)  
  48  4:32  Robotics Facility  
  48  4:33  Probe (Chrono Boost)  
  48  4:36  Void Ray  
  53  4:43  Probe (Chrono Boost)  
  54  4:48  Probe (Chrono Boost)  
  54  4:50  Probe (Chrono Boost)  
  56  4:53  Probe (Chrono Boost)  
  57  5:06  Zealot  
  54  5:08  Adept  
  54  5:11  Probe x2  
  58  5:20  Immortal  
  62  5:26  Nexus  
  62  5:33  Pylon  
  62  5:36  Robotics Facility  
  62  5:51  Probe x2  
  64  5:57  Zealot x2  
  64  6:00  Observer  
  64  6:01  Twilight Council  
  64  6:03  Probe  
  70  6:10  Pylon  
  70  6:14  Pylon  
  70  6:19  Pylon  
  70  6:27  Warp Prism  
  70  6:28  Probe x2 (Chrono Boost)  
  74  6:35  Zealot x2  
  74  6:38  Probe (Chrono Boost)  
  79  6:40  Probe x2 (Chrono Boost)  
  79  6:46  Forge  
  82  6:48  Probe (Chrono Boost), Assimilator  
  82  6:49  Probe x2 (Chrono Boost)  
  84  6:54  Probe  
  84  6:55  Gateway x2  
  84  6:57  Gateway, Stalker  
  84  6:58  Stalker  
  84  6:59  Gateway  
  89  7:02  Pylon  
  89  7:09  Probe x2  
  89  7:10  Probe  
  92  7:26  Stalker x2  
  92  7:29  Probe x3  
  99  7:32  Protoss Ground Weapons Level 1 (Chrono Boost)  
  99  7:34  Assimilator  
  99  7:35  Immortal x2  
  99  7:36  Pylon  
  107  7:41  Probe x3  
  107  7:42  Charge  
  110  7:53  Probe x3  
  113  7:59  Templar Archives  
  113  8:05  Probe x3  
  115  8:14  Nexus  
  115  8:15  Observer  
  115  8:17  Probe  
  117  8:24  Probe x2  
  119  8:29  Probe  
  120  8:35  Psionic Storm  
  120  8:36  Immortal, Probe  
  125  8:45  Pylon  
  125  8:46  Pylon  
  125  8:49  Pylon  
  125  8:52  Pylon  
  125  8:54  Pylon  
  125  8:57  Pylon  
  125  8:58  Pylon  
  125  9:03  Probe x3  
  125  9:04  Immortal  
  125  9:05  High Templar x4  
  125  9:07  Zealot x2  
  144  9:15  Gateway, Probe  
  145  9:17  Gateway  
  145  9:19  Gateway  
  145  9:20  Gateway  
  145  9:22  Immortal  
  149  9:27  Archon x2  
  149  9:29  Stalker x2  
  153  9:41  Stalker x3  
  153  9:42  Stalker  
  159  9:49  Immortal  
  163  9:59  High Templar x2  
  161  10:02  Immortal  
  158  10:09  Zealot x3  
  158  10:10  Zealot  
  149  10:17  Zealot x3  
  149  10:18  Zealot  
  147  10:26  Photon Cannon, Pylon  
  128  10:28  Photon Cannon  
  128  10:31  Shield Battery  
  128  10:32  Stalker x4  
  128  10:33  High Templar  
  129  10:42  Probe (Chrono Boost)  
  129  10:43  Probe x3 (Chrono Boost)  
  125  10:52  Probe x3 (Chrono Boost)  
  124  11:00  High Templar  
  124  11:01  High Templar x5  
Show
View Real Time Build Order
Export as new Build Order

Vreaks Zerg 

Build Orders: Pool First 

Get SALT Encoding   

  12  0:18  Spawning Pool  
  11  0:24  Drone  
  11  0:27  Drone  
  13  0:32  Drone  
  14  0:41  Overlord  
  14  1:06  Zergling x4  
  14  1:07  Zergling x2  
  14  1:08  Queen  
  19  1:32  Hatchery  
  18  1:37  Zergling x2  
  19  1:43  Overlord  
  19  1:50  Drone  
  19  1:53  Extractor  
  19  1:54  Drone  
  20  2:05  Drone  
  21  2:13  Drone  
  22  2:22  Drone x3  
  23  2:30  Drone  
  24  2:42  Drone, Queen  
  24  2:43  Overlord  
  27  2:59  Overlord  
  27  3:08  Drone x5  
  32  3:16  Drone  
  32  3:18  Metabolic Boost  
  33  3:23  Overlord  
  33  3:26  Drone  
  34  3:39  Drone x5  
  39  3:51  Roach Warren  
  38  4:01  Drone x4  
  42  4:16  Zergling x4  
  44  4:23  Extractor  
  43  4:27  Zergling x4  
  45  4:31  Roach  
  45  4:33  Roach x2  
  45  4:37  Overlord  
  51  4:43  Overlord  
  51  4:45  Hatchery  
  51  4:52  Roach x2  
  47  5:04  Drone x6  
  50  5:14  Drone x2  
  51  5:22  Drone x2  
  51  5:24  Queen  
  51  5:25  Queen  
  57  5:37  Roach x5  
  67  5:44  Spore Crawler  
  67  5:47  Spore Crawler  
  67  5:50  Roach, Overlord  
  67  5:55  Overlord  
  67  5:57  Overlord  
  67  6:06  Lair  
  67  6:13  Drone  
  67  6:14  Drone x6  
  72  6:33  Queen  
  72  6:34  Queen  
  72  6:35  Drone x6  
  82  6:47  Overlord x2  
  82  6:51  Extractor  
  81  7:01  Drone  
  82  7:03  Roach x6  
  82  7:04  Roach  
  96  7:09  Ravager x3  
  96  7:10  Ravager x2  
  101  7:22  Glial Reconstitution  
  101  7:23  Drone x2  
  101  7:24  Drone x7  
  101  7:25  Drone x2  
  112  7:31  Extractor  
  112  7:34  Overseer  
  111  7:43  Extractor  
  110  7:45  Extractor  
  110  7:47  Evolution Chamber  
  110  7:50  Evolution Chamber  
  107  8:05  Spire  
  106  8:12  Drone x7  
  113  8:20  Overlord x3  
  113  8:27  Hatchery  
  113  8:29  Overlord x3  
  112  8:37  Zerg Missile Weapons Level 1  
  112  8:38  Zerg Ground Armor Level 1  
  112  8:44  Zergling x2  
  112  8:45  Zergling x26, Baneling Nest  
  125  8:51  Spore Crawler  
  125  8:54  Spine Crawler  
  123  9:03  Roach  
  123  9:04  Roach x7  
  139  9:14  Ravager x3  
  139  9:15  Ravager x3  
  145  9:18  Zergling x12  
  144  9:48  Roach x4  
  144  9:49  Roach x5  
  154  9:57  Roach x2  
  154  9:58  Roach x4  
  150  10:06  Roach x5  
  152  10:13  Roach x4  
  152  10:14  Roach x3  
  146  10:18  Roach x3  
  130  10:23  Roach x2  
  114  10:29  Roach x3  
  114  10:31  Zergling x2  
  114  10:33  Zergling x4  
  95  10:40  Roach x3  
  82  10:45  Zergling x4  
Tags
 
Add a new tag
Caveats
  • Supply blocks, unpowered buildings, or Contaminate may cause inaccurate times.
  • Supply counts are checked every 10 seconds.